 Dungeon Crawl Stone Soup version 0.23-a0-644-gb60d84b (webtiles) character file.

250 Amnesiac the Ducker (level 5, -5/28 HPs)
             Began as a Spriggan Berserker on Jan 1, 2019.
             Was a Believer of Trog.
             Slain by an iguana (14 damage)
             ... on level 4 of the Dungeon.
             The game lasted 00:04:24 (2986 turns).

Amnesiac the Ducker (Spriggan Berserker)            Turns: 2986, Time: 00:04:26

Health: -5/28      AC:  2    Str: 14    XL:     5   Next: 88%
Magic:  6/6        EV: 21    Int:  9    God:    Trog [**....]
Gold:   163        SH:  0    Dex: 15    Spells: 4/4 levels left

rFire    . . .     SeeInvis +   a - +0 falchion
rCold    + . .     Gourm    .   (shield restricted)
rNeg     . . .     Faith    .   b - +0 animal skin
rPois    .         Spirit   .   (helmet restricted)
rElec    .         Reflect  .   (no cloak)
rCorr    .         Harm     .   (gloves unavailable)
MR       .....                  (boots unavailable)
Stlth    +.........             (no amulet)
HPRegen  0.09/turn              p - ring of protection from cold
MPRegen  0.10/turn              (no ring)

@: very quick
A: very small, unfitting armour, see invisible, herbivore, speed 3, slow
metabolism 2
a: Berserk, Trog's Hand, Renounce Religion


You were on level 4 of the Dungeon.
You worshipped Trog.
Trog was pleased with you.
You were very full.

You visited 2 branches of the dungeon, and saw 5 of its levels.

You collected 163 gold pieces.

Inventory:

Hand Weapons
 a - a +0 falchion (weapon)
Missiles
 h - a throwing net (quivered)
Armour
 b - a +0 animal skin (worn)
Jewellery
 p - a ring of protection from cold (left hand)
Wands
 n - a wand of flame (16)
Scrolls
 e - a scroll of enchant weapon {!r, unknown}
 i - 2 scrolls of identify {!r, unknown}
 j - 2 scrolls of amnesia {!r, unknown}
 k - a scroll of fog {!r, unknown}
 l - a scroll of random uselessness {!r, unknown}
 m - a scroll of noise {!r, unknown}
 o - a scroll of magic mapping {!r, unknown}
 r - a scroll of immolation {!r, unknown}
Potions
 d - 3 potions of curing {!q}
 f - a potion of ambrosia {!q, unknown}
 g - a potion of haste {!q, unknown}
 q - a potion of berserk rage {!q}
Comestibles
 c - 3 rations


   Skills:
 - Level 3.0 Fighting
 * Level 4.5 Long Blades
 + Level 6.3 Dodging


You had 4 spell levels left.
You didn't know any spells.
Your spell library was empty.

Dungeon Overview and Level Annotations

Branches:
Dungeon (4/15)             Temple (1/1) D:4

Altars:
Ashenzari
Cheibriados
Dithmenos
Elyvilon
Fedhas
Gozag
Hepliaklqana
Kikubaaqudgha
Makhleb
Nemelex Xobeh
Okawaru
Ru
Sif Muna
Trog
Uskayaw
Vehumet
Xom
Yredelemnul
Zin
The Shining One


Innate Abilities, Weirdness & Mutations

You are very small and have problems with some larger weapons.
You are too small for most types of armour.
You have supernaturally acute eyesight. (SInv)
You are a herbivore.
You cover ground extremely quickly.
You need to consume almost no food.


Message History

Found a scroll labeled ANLUEWKYIJ.
You closely miss the worker ant.
The worker ant twitches its antennae in your direction.
The worker ant completely misses you.
You riposte.
You hit the worker ant but do no damage.
You barely miss the worker ant. The worker ant closely misses you.
You riposte.
You closely miss the worker ant. The worker ant misses you.
You hit the worker ant.
The worker ant is lightly wounded.
The worker ant completely misses you.
You hit the worker ant.
The worker ant is moderately wounded.
The worker ant misses you.
You riposte.
You barely miss the worker ant.
The worker ant is moderately wounded.
You barely miss the worker ant.
The worker ant is moderately wounded.
The worker ant misses you.
The iguana hisses angrily.
You hit the worker ant.
The worker ant is moderately wounded.
The worker ant barely misses you.
You riposte.
You hit the worker ant.
The worker ant is severely wounded.
The worker ant misses you.
You slash the worker ant!
You kill the worker ant!
Trog accepts your kill.
You see here a worker ant corpse.
The iguana barely misses you.
You barely miss the iguana. The iguana closely misses you.
You closely miss the iguana. The iguana completely misses you.
You hit the iguana.
The iguana is heavily wounded.
The iguana misses you.
You riposte.
You hit the iguana but do no damage.
The iguana is heavily wounded.
You closely miss the iguana.
The iguana is heavily wounded.
The iguana barely misses you.
You hit the iguana.
The iguana is heavily wounded.
The iguana bites you!
You barely miss the iguana.
The iguana is heavily wounded.
The iguana bites you.
* * * LOW HITPOINT WARNING * * *
The iguana bites you.
* * * LOW HITPOINT WARNING * * *
You barely miss the iguana.
The iguana is heavily wounded.
The iguana hisses menacingly.
The iguana completely misses you.
You hit the iguana.
The iguana is heavily wounded.
The iguana closely misses you.
You hit the iguana but do no damage.
The iguana is heavily wounded.
The iguana closely misses you.
You barely miss the iguana.
The iguana is heavily wounded.
The iguana closely misses you.
You completely miss the iguana.
The iguana is heavily wounded.
The iguana bites you!
Ouch! That really hurt!
You die...

..####.......##.#####.#.......#.#
..# #.......##...#####.###.....#
.. #.......##.........#####.###
.. .........###.....#..#.#.....
..........####....##.........
..............................
..............#.†##..#..##..##.
..l..............###.#..##..## .
.......@## #.#......# ......l..#
#.......## .....................
.##....###.#......### ....?#
####.....# .##... #...... ....
..##.


You could see an iguana.

Vanquished Creatures
  A howler monkey (D:4)
  An orc wizard (D:3)
  2 worker ants (D:4)
  3 adders (D:3)
  4 gnolls (D:3)
  A worm (D:3)
  6 dart slugs
  3 leopard geckos
  5 orcs (D:3)
  5 bats
  2 giant cockroaches
  3 goblins (D:1)
  4 hobgoblins
  7 kobolds
  2 quokkas (D:3)
  A ball python (D:1)
  2 frilled lizards (D:2)
  6 rats
58 creatures vanquished.

Vanquished Creatures (others)
  A bat (D:3)
1 creature vanquished.

Grand Total: 59 creatures vanquished

Notes
Turn   | Place    | Note
-------+----------+-------------------------------------------
     0 | D:1      | Amnesiac the Spriggan Berserker began the quest for the
                  | Orb.
     0 | D:1      | Reached XP level 1. HP: 11/11 MP: 2/2
   272 | D:1      | Reached XP level 2. HP: 2/16 MP: 3/3
  1219 | D:2      | Reached XP level 3. HP: 19/19 MP: 4/4
  1304 | D:2      | Reached ** piety under Trog
  1657 | D:3      | Reached skill level 5 in Dodging
  1732 | D:3      | Reached XP level 4. HP: 15/23 MP: 5/5
  2183 | D:3      | Reached XP level 5. HP: 28/28 MP: 6/6
  2468 | D:4      | Reached skill level 6 in Dodging
  2496 | D:3      | HP: 2/42 [poisoned by a worker ant]
  2723 | D:4      | Found a staircase to the Ecumenical Temple.
  2732 | Temple   | Entered the Ecumenical Temple
  2986 | D:4      | Slain by an iguana

Vault maps used:
D:1:      psy_arrival_statuary, minmay_misc_feat_nine_boxes
D:2:      kennysheep_doodads
D:3:      first_ration
D:4:      temple_statues, minivault_27, uniq_ijyb
Temple:   regret_index_temple_chain_breaker

Skill      XL: |  1  2  3  4  5 |
---------------+----------------+-----
Long Blades    | 3 4 |  4.5
Dodging        | 5 6 |  6.3
Fighting       | 3 |  3.0

Action                   |  1- 3 |  4- 6 || total
-------------------------+-------+-------++-------
Melee: Falchion          |    88 |   120 ||   208
Invok: Berserk           |     1 |     1 ||     2
  Use: Potion            |       |     2 ||     2
 Stab: Sleeping          |     2 |       ||     2
  Eat: Ration            |       |     5 ||     5
Armor: Animal skin       |     9 |     5 ||    14
Dodge: Dodged            |    83 |   127 ||   210
       Rpst.: Falchion   |    26 |    29 ||    55

Table legend:
 A = Non-vault XP
 B = Vault XP
 C = Vault XP percentage of total XP
 D = Non-vault monster count
 E = Vault monster count
 F = Vault count percentage of total count
                 A         B        C        D         E       F
            +---------+---------+-------+---------+---------+-------
      Total |     358 |       0 |   0.0 |      59 |       0 |   0.0
            +---------+---------+-------+---------+---------+-------
        D:1 |      37 |       0 |   0.0 |      22 |       0 |   0.0
        D:2 |      12 |       0 |   0.0 |       6 |       0 |   0.0
        D:3 |     184 |       0 |   0.0 |      27 |       0 |   0.0
        D:4 |     125 |       0 |   0.0 |       4 |       0 |   0.0
            +---------+---------+-------+---------+---------+-------
